 Dungeon Crawl Stone Soup version 0.25-a0-413-g3b4b6a4ccc (webtiles) character file.

Game seed: 15988068099143324563, levelgen mode: deterministic

361 kae the Cudgeler (level 6, -3/47 HPs)
             Began as a Demonspawn Berserker on Jan 16, 2020.
             Was a Believer of Trog.
             Killed from afar by Natasha (5 damage)
             ... with a magic dart
             ... on level 3 of the Dungeon.
             The game lasted 00:02:01 (3332 turns).

kae the Cudgeler (Demonspawn Berserker)             Turns: 3332, Time: 00:02:01

Health: -3/47      AC:  2    Str: 19    XL:     6   Next: 38%
Magic:  6/6        EV: 12    Int:  9    God:    Trog [**....]
Gold:   197        SH:  0    Dex: 14    Spells: 5/5 levels left

rFire    . . .     SeeInvis .   a - +0 mace
rCold    . . .     Gourm    .   (no shield)
rNeg     . . .     Faith    .   b - +0 animal skin
rPois    .         Spirit   .   (no helmet)
rElec    .         Reflect  .   (no cloak)
rCorr    .         Harm     .   (no gloves)
MR       .....                  (no boots)
Stlth    ++........             (no amulet)
HPRegen  0.15/turn              (no ring)
MPRegen  0.10/turn              (no ring)

@: berserk cooldown
A: thin skeletal structure 1, powered by death 1, rot immunity
a: Berserk, Trog's Hand, Renounce Religion


You were on level 3 of the Dungeon.
You worshipped Trog.
Trog was pleased with you.
You were not hungry.

You visited 1 branch of the dungeon, and saw 4 of its levels.

You collected 197 gold pieces.

Inventory:

Hand Weapons
 a - a +0 mace (weapon)
Armour
 b - a +0 animal skin (worn)
Jewellery
 p - an uncursed ring of wizardry {unknown}
 r - an uncursed ring of protection from magic {unknown}
Wands
 s - a wand of flame (22)
Scrolls
 f - a scroll of enchant weapon {unknown}
 g - 5 scrolls of identify {unknown}
 h - 2 scrolls of magic mapping {unknown}
 o - a scroll of noise {unknown}
 v - a scroll of fog {unknown}
 w - 2 scrolls of remove curse {unknown}
 x - a scroll of teleportation {unknown}
Potions
 e - a potion of might {unknown}
 i - 4 potions of mutation {unknown}
 j - 2 potions of lignification {unknown}
 k - a potion of degeneration {unknown}
 l - a potion of berserk rage {unknown}
 m - 2 potions of brilliance {unknown}
 n - a potion of curing {unknown}
 q - a potion of ambrosia {unknown}
 t - a potion of heal wounds {unknown}
 u - 2 potions of haste {unknown}
Comestibles
 c - 5 rations
 z - a chunk of flesh


   Skills:
 - Level 3.0 Fighting
 + Level 6.6 Maces & Flails
 - Level 1.7 Armour
 - Level 1.7 Dodging


You had 5 spell levels left.
You didn't know any spells.
Your spell library was empty.

Dungeon Overview and Level Annotations

Branches:
Dungeon (4/15)
 Temple: D:4-7

Altars:

Annotations:
D:3 Natasha


Innate Abilities, Weirdness & Mutations

You have a somewhat thin skeletal structure. (Dex +2, Stealth)
You regenerate a little health from kills.
You are immune to rotting.


Message History

Natasha claws you but does no damage.
You hit Natasha.
Natasha is severely wounded.
The bat misses you. The bat hits you but does no damage.
Natasha casts a spell at you. The magic dart hits you.
* * * LOW HITPOINT WARNING * * *
You barely miss Natasha.
Natasha is severely wounded.
The bat hits you.
* * * LOW HITPOINT WARNING * * *
The bat closely misses you.
Natasha stares at you and mumbles some strange words.
The magic dart hits you!
* * * LOW HITPOINT WARNING * * *
It was a potion of cancellation.
You feel magically purged. The bat hits you but does no damage. x2
Natasha casts a spell at you. The magic dart hits you.
You die...

....# .... ...#
.... ...# ...# ..#
...# .. ......#
#.# ## #.#..##
...##.? #.....#
.......##@..#
.......ob#h.#
........##o#..##
....?...#.....#
###......).†..#.##
.......#...†....##
#................
#........!......
#.
#.#........!....


You could see Natasha, 2 orcs and a bat.

Vanquished Creatures
  An ogre (D:4)
  2 orc priests (D:4)
  Natasha (twice) (D:3)
  An iguana (D:4)
  Robin (D:4)
  3 gnolls (D:2)
  3 adders
  An adder skeleton (D:4)
  A worm (D:2)
  A dart slug (D:1)
  2 leopard geckos
  4 orcs
  8 bats
  2 giant cockroaches
  16 goblins
  7 hobgoblins
  3 jackals (D:3)
  5 kobolds
  4 frilled lizards
  5 rats
72 creatures vanquished.

Notes
Turn   | Place    | Note
-------+----------+-------------------------------------------
     0 | D:1      | kae the Demonspawn Berserker began the quest for the Orb.
     0 | D:1      | Reached XP level 1. HP: 18/18 MP: 1/1
   186 | D:1      | Reached skill level 3 in Maces & Flails
   406 | D:1      | Gained mutation: You have a somewhat thin skeletal
                  | structure. (Dex +2, Stealth) [demonic ancestry]
   406 | D:1      | Reached XP level 2. HP: 24/24 MP: 2/2
  1156 | D:2      | Reached skill level 4 in Maces & Flails
  1156 | D:2      | Gained mutation: You regenerate a little health from kills.
                  | [demonic ancestry]
  1156 | D:2      | Reached XP level 3. HP: 9/29 MP: 3/3
  1500 | D:2      | Gained mutation: You are immune to rotting. [demonic
                  | ancestry]
  1500 | D:2      | Reached XP level 4. HP: 11/35 MP: 4/4
  2033 | D:2      | You fall into a shaft and drop 2 floors!
  2143 | D:4      | Noticed Robin
  2145 | D:4      | Reached ** piety under Trog
  2162 | D:4      | Killed Robin
  2162 | D:4      | Reached skill level 5 in Maces & Flails
  2300 | D:4      | Reached XP level 5. HP: 41/41 MP: 5/5
  2484 | D:4      | HP: 3/61 [iguana (1)]
  3038 | D:4      | Noticed an ogre
  3044 | D:4      | Killed an ogre
  3044 | D:4      | Reached skill level 6 in Maces & Flails
  3044 | D:4      | Reached XP level 6. HP: 47/47 MP: 6/6
  3272 | D:3      | Noticed Natasha
  3287 | D:3      | Killed Natasha
  3312 | D:3      | Noticed Natasha
  3318 | D:3      | Killed Natasha
  3319 | D:3      | Noticed Natasha
  3331 | D:3      | HP: 2/47 [Natasha/magic dart (7)]
  3332 | D:3      | Killed from afar by Natasha

Levels and vault maps discovered:
D:1:      minmay_arrival_four_loops, layout_loops_corners, minmay_pentomino_u2
D:2:      layout_loops_ring, grunt_ministairs_14, kennysheep_decorative_pillar
D:3:      layout_rooms, nicolae_ru_awakened_eye, uniq_natasha
D:4:      layout_basic, uniq_robin

Skill      XL: |  1  2  3  4  5 |
---------------+----------------+-----
Maces & Flails | 3 4 5 6 |  6.6
Fighting       | |  3.0
Armour         | |  1.7
Dodging        | |  1.7

Action                   |  1- 3 |  4- 6 || total
-------------------------+-------+-------++-------
Melee: Mace              |    85 |   118 ||   203
Invok: Berserk           |     1 |     5 ||     6
  Use: Potion            |       |     1 ||     1
 Stab: Sleeping          |     3 |     1 ||     4
  Eat: Chunk             |     1 |     9 ||    10
       Ration            |       |     1 ||     1
Armor: Animal skin       |    14 |    37 ||    51
Dodge: Dodged            |    75 |   129 ||   204

Table legend:
 A = Non-vault XP
 B = Vault XP
 C = Vault XP percentage of total XP
 D = Non-vault monster count
 E = Vault monster count
 F = Vault count percentage of total count
                 A         B        C        D         E       F
            +---------+---------+-------+---------+---------+-------
      Total |     433 |      83 |  16.1 |      54 |      18 |  25.0
            +---------+---------+-------+---------+---------+-------
        D:1 |      37 |       3 |   7.5 |      20 |       2 |   9.1
        D:2 |      77 |       8 |   9.4 |      12 |       2 |  14.3
        D:3 |      54 |      35 |  39.3 |      12 |       1 |   7.7
        D:4 |     265 |      37 |  12.3 |      10 |      13 |  56.5
            +---------+---------+-------+---------+---------+-------
